 Dungeon Crawl Stone Soup version 0.30-a0-782-ge64f9170bb (webtiles) character file.

Game seed: 16333430753259952567

3214 funkygono the Arsonist (level 9, 0/48 HPs)
             Began as a Gargoyle Fire Elementalist on Feb 23, 2023.
             Was an Initiate of Sif Muna.
             Slain by a two-headed ogre
             ... wielding a +0 giant club
              (26 damage)
             ... on level 8 of the Dungeon.
             The game lasted 00:09:54 (7324 turns).

funkygono the Arsonist (Gargoyle Fire Elementalist) Turns: 7324, Time: 00:09:54

Health: 0/48       AC: 14    Str: 12    XL:     9   Next: 97%
Magic:  8/20       EV: 12    Int: 26    God:    Sif Muna [......]
Gold:   368        SH:  0    Dex: 10    Spells: 16/23 levels left

rFire   + . .      SeeInvis .    s - +7 club
rCold   x . .      Faith    .    (no shield)
rNeg    + + .      Spirit   .    d - +2 robe {rN+}
rPois   ∞          Reflect  .    (no helmet)
rElec   +          Harm     .    F - +2 cloak
rCorr   .          Rampage  .    (no gloves)
Will    .....                    E - +0 pair of boots
Stlth   ++                       (no amulet)
HPRegen 0.28/turn                u - +6 ring of intelligence
MPRegen 0.17/turn                q - ring of fire

@: no status effects
A: sickness immunity, AC +6, negative energy resistance 1, electricity
resistance, torment resistance 1, petrification resistance
a: Renounce Religion


You were on level 8 of the Dungeon.
You worshipped Sif Muna.
Sif Muna was noncommittal.
You visited 2 branches of the dungeon, and saw 9 of its levels.

You collected 368 gold pieces.

Inventory:

Hand Weapons
 b - a +4 quarterstaff of chaos
 e - a +0 mace
 f - a +0 whip
 k - the +2 great mace "Cyicag" {flame, Int+5 Dex-4}
   (You found it on level 6 of the Dungeon)

   Int:       It affects your intelligence (+5).
   Dex:       It affects your dexterity (-4).
 s - a +7 club (weapon)
 B - a +2 whip of flaming
Missiles
 t - 2 throwing nets
Armour
 d - a +2 robe of positive energy (worn)
 y - a +2 buckler
 A - a +1 robe of willpower
 E - a +0 pair of boots (worn)
 F - a +2 cloak (worn)
 H - +0 steam dragon scales
Magical Staves
 c - a staff of earth
Jewellery
 l - a +6 ring of dexterity
 q - a ring of fire (right hand)
 u - a +6 ring of intelligence (left hand)
 v - a ring of wizardry
 C - a +6 ring of intelligence
Wands
 r - a wand of flame (34)
 G - a wand of mindburst (9)
Scrolls
 a - 2 scrolls of teleportation
 x - a scroll of fog
Potions
 g - a potion of heal wounds {unknown}
 h - 2 potions of mutation
 i - 2 potions of might
 j - a potion of ambrosia {unknown}
 m - a potion of brilliance {unknown}
 n - 2 potions of attraction
 o - 2 potions of flight {unknown}
 p - a potion of degeneration {unknown}
 w - 4 potions of haste
 z - a potion of magic


   Skills:
 + Level 1.9 Fighting
 + Level 2.1 Maces & Flails
 + Level 3.3 Dodging
 - Level 2.1 Stealth
 + Level 7.9 Spellcasting
 + Level 5.6 Conjurations
 + Level 8.7 Fire Magic


You had 16 spell levels left.
You knew the following spells:

 Your Spells              Type           Power      Damage    Failure   Level
a - Foxfire               Conj/Fire      100%       2x1d9     1%          1
b - Scorch                Fire           100%       2d10      1%          2
c - Flame Wave            Conj/Fire      64%        2d15      3%          4

Your spell library contained the following spells:

 Spells                   Type           Power      Damage    Failure   Level
 Kiss of Death            Conj/Necr      100%       2d13      1%          1
 Inner Flame              Hex/Fire       49%        N/A       2%          3
 Kindle Blastsparks       Fire/Tloc/Air  76%        2d16      5%          3
 Beastly Appendage        Tmut           20%        N/A       6%          1
 Wereblood                Tmut           10%        N/A       9%          2
 Confusing Touch          Hex            10%        N/A       17%         3
 Portal Projectile        Hex/Tloc       20%        N/A       17%         3
 Spider Form              Tmut/Pois      10%        N/A       17%         3
 Tukima's Dance           Hex            10%        N/A       17%         3
 Dispel Undead            Necr           10%        3d9       50%         4
 Petrify                  Tmut/Erth      10%        N/A       50%         4
 Blade Hands              Tmut           5%         N/A       85%         5
 Metabolic Englaciation   Hex/Ice        5%         N/A       85%         5
 Statue Form              Tmut/Erth      Unusable   N/A       N/A         6

Dungeon Overview and Level Annotations

Branches:
Dungeon (8/15)             Temple (1/1) D:6
   Lair: D:8-11

Altars:
Ashenzari
Cheibriados
Dithmenos
Elyvilon
Gozag
Hepliaklqana
Kikubaaqudgha
Nemelex Xobeh
Okawaru
Qazlal
Ru
Sif Muna
Trog
Uskayaw
Wu Jian
Xom
Zin
The Shining One

Shops:
D:3 ?

Annotations:
D:8 1 runed translucent door


Innate Abilities, Weirdness & Mutations

You are immune to sickness and miasma.
Your stone body is resilient. (AC +6)
You are immune to poison.
You resist negative energy. (rN+)
You are resistant to electric shocks. (rElec)
You are resistant to unholy torment.
You are immune to petrification.


Message History

You feel a surge of power!
You conjure some foxfire!
Casting: Foxfire (safe; 1% risk of failure)
Confirm with . or Enter, or press ? or * to list all spells.
You feel a surge of power!
You conjure some foxfire!
The foxfire hits the two-headed ogre but does no damage.
The two-headed ogre is lightly wounded.
The foxfire hits the two-headed ogre.
The two-headed ogre is lightly wounded.
Casting: Foxfire (safe; 1% risk of failure)
Confirm with . or Enter, or press ? or * to list all spells.
You feel a surge of power!
Flames lash the two-headed ogre.
The two-headed ogre is moderately wounded.
The two-headed ogre's fire resistance burns away.
The foxfire hits the two-headed ogre but does no damage.
The two-headed ogre is moderately wounded.
The foxfire hits the two-headed ogre.
The two-headed ogre is burned terribly!
The two-headed ogre is moderately wounded.
Unknown command.
Casting: Scorch (safe; 1% risk of failure)
Confirm with . or Enter, or press ? or * to list all spells.
You feel a surge of power!
You conjure some foxfire!
The two-headed ogre completely misses you.
The two-headed ogre hits you with a +0 giant club!!
Casting: Foxfire (safe; 1% risk of failure)
Confirm with . or Enter, or press ? or * to list all spells.
You feel a surge of power!
Flames lash the two-headed ogre.
The two-headed ogre is burned terribly!
The two-headed ogre is severely wounded.
The foxfire hits the two-headed ogre but does no damage.
The two-headed ogre is severely wounded.
The foxfire hits the two-headed ogre!
The two-headed ogre is burned terribly!
The two-headed ogre is almost dead.
Unknown command.
Casting: Scorch (safe; 1% risk of failure)
Confirm with . or Enter, or press ? or * to list all spells.
You feel a surge of power!
You conjure some foxfire!
The two-headed ogre hits you with a +0 giant club.
The two-headed ogre hits you with a +0 giant club!!
Ouch! That really hurt!
You die...

#.....##..............
#........###...........
#.....##................
#.....###.###...#............
#.....# #.####...##..........
####### #..##................
##.###.............#.
##..v#...)...........
#).O@§...............
#....##v###..)))........
...### #....#...)........ ..#
#####.......)...... .
...................
###............<...
#...............#
#................
#................


You could see a two-headed ogre (combustible, ally target).

Vanquished Creatures
  Pikel (D:5)
  Grinder (D:5)
  Sigmund (D:5)
  A steam dragon (D:7)
  Duvessa (D:3)
  A water moccasin (D:7)
  A sky beast (D:6)
  An ice beast (D:6)
  3 ogres
  2 phantoms
  A kobold brigand (D:7)
  3 bullfrogs
  A scorpion (D:6)
  9 wights
  Dowan (D:3)
  3 killer bees (D:7)
  A howler monkey (D:4)
  A jelly (D:7)
  Crazy Yiuf (D:2)
  A hound (D:4)
  Jessica (D:2)
  2 iguanas
  Ijyb (D:3)
  4 orc wizards
  4 gnolls
  9 adders
  A shadow imp (D:6)
  3 white imps
  2 worms (D:4)
  4 dart slugs
  11 orcs
  2 ball pythons
  5 endoplasms
  4 giant cockroaches
  4 goblins
  4 hobgoblins
  A quokka (D:2)
  5 bats
  3 frilled lizards
  5 kobolds
  5 rats
115 creatures vanquished.

Vanquished Creatures (collateral kills)
  3 foxfires (D:5)
3 creatures vanquished.

Vanquished Creatures (others)
  334 foxfires
334 creatures vanquished.

Grand Total: 452 creatures vanquished

Notes
Turn   | Place    | Note
-------+----------+-------------------------------------------
     0 | D:1      | funkygono the Gargoyle Fire Elementalist began the quest
                  | for the Orb.
     0 | D:1      | Reached XP level 1. HP: 10/10 MP: 3/3
   453 | D:1      | Reached XP level 2. HP: 15/15 MP: 1/5
   456 | D:1      | Learned a level 2 spell: Scorch
   565 | D:2      | Noticed Jessica
   568 | D:2      | Killed Jessica
   569 | D:2      | Reached XP level 3. HP: 19/19 MP: 2/6
   745 | D:2      | Found a runed translucent door.
   746 | D:2      | Noticed Crazy Yiuf
   876 | D:2      | Reached skill level 4 in Fire Magic
  1082 | D:2      | Reached XP level 4. HP: 24/24 MP: 0/7
  1439 | D:2      | Killed Crazy Yiuf
  1575 | D:3      | Noticed Ijyb
  1585 | D:3      | Killed Ijyb
  1586 | D:3      | Reached skill level 1 in Maces & Flails
  1586 | D:3      | Reached XP level 5. HP: 15/28 MP: 1/9
  1717 | D:3      | Found Meet's Magic Scroll Emporium.
  1997 | D:3      | Found a broken altar of Ashenzari.
  2250 | D:3      | Learned a level 4 spell: Flame Wave
  2602 | D:4      | Noticed Dowan
  2604 | D:4      | Noticed Duvessa
  2671 | D:3      | Killed Dowan
  2672 | D:3      | Reached skill level 5 in Fire Magic
  2672 | D:3      | Reached XP level 6. HP: 4/32 MP: 0/10
  2674 | D:3      | Killed Duvessa
  3081 | D:4      | Found a snail-covered altar of Cheibriados.
  3244 | D:4      | Reached XP level 7. HP: 34/37 MP: 4/12
  3717 | D:5      | Entered Level 5 of the Dungeon
  4096 | D:5      | Found a white marble altar of Elyvilon.
  4220 | D:5      | Noticed Sigmund
  4225 | D:5      | Killed Sigmund
  4226 | D:5      | Reached skill level 5 in Spellcasting
  4226 | D:5      | Reached skill level 6 in Fire Magic
  4226 | D:5      | Reached XP level 8. HP: 42/42 MP: 5/15
  4300 | D:5      | Noticed Pikel
  4313 | D:5      | Killed Pikel
  4467 | D:5      | Found a hide-covered altar of Uskayaw.
  4479 | D:5      | Found a glowing golden altar of the Shining One.
  4678 | D:5      | Noticed Grinder
  4689 | D:5      | Killed Grinder
  4690 | D:5      | Reached skill level 1 in Fighting
  4690 | D:5      | Reached skill level 7 in Fire Magic
  4890 | D:6      | Identified the +2 great mace "Cyicag" {flame, Int+5 Dex-4}
  4965 | D:6      | Reached XP level 9. HP: 47/47 MP: 12/18
  5011 | D:6      | Found a staircase to the Ecumenical Temple.
  5018 | Temple   | Entered the Ecumenical Temple
  5039 | Temple   | Became a worshipper of Sif Muna the Loreminder
  6182 | D:7      | Reached skill level 5 in Conjurations
  6645 | D:7      | Reached skill level 8 in Fire Magic
  6756 | D:7      | Found a shimmering altar of Xom.
  6759 | D:7      | Found a snail-covered altar of Cheibriados.
  6759 | D:7      | Found a snail-covered altar of Cheibriados.
  6784 | D:7      | Found a bloodstained altar of Trog.
  6784 | D:7      | Found a glowing golden altar of the Shining One.
  6784 | D:7      | Found a broken altar of Ashenzari.
  7119 | D:8      | Found a runed translucent gate.
  7293 | D:8      | Found a hazy altar of Hepliaklqana.
  7314 | D:8      | Noticed a two-headed ogre
  7324 | D:8      | Slain by a two-headed ogre

Illustrated notes

Levels and vault maps discovered:
D:1:      eino_arrival_cavern_a, layout_rooms
D:2:      layout_loops_ring, uniq_jessica, uniq_crazy_yiuf_cottage
D:3:      layout_loops_ring, mainiacjoe_overflow_small_starburst, serial_shops,
          shop, uniq_ijyb
D:4:      layout_basic, mainiacjoe_overflow_six_doors_small, uniq_duvessa
D:5:      layout_basic, mainiacjoe_overflow_paths,
          mainiacjoe_overflow_big_doors, guppyfry_early_lair_pool, uniq_grinder,
          uniq_pikel, uniq_sigmund
D:6:      layout_loops_ring, minmay_temple_entry_wispy
D:7:      layout_basic, doesnt_xom_only_xom
D:8:      layout_rooms, nzn_hepliaklqana_mist_gate, dpeg_lair_monsters,
          serial_shops, nicolae_shop_behind_doors,
          nicolae_shop_overgrown_old_shop,
          nicolae_shop_temple_entry_statues_fountains, nicolae_stop_n_shop_2,
          gammafunk_ghost_icy, uniq_joseph
Temple:   chequers_temple_sunken

Skill      XL: |  1  2  3  4  5  6  7  8  9 |
---------------+----------------------------+-----
Fire Magic     | 4 5 6 7 8 |  8.7
Maces & Flails | 1 2 |  2.1
Conjurations   | 2 3 4 5 |  5.6
Dodging        | 2 3 |  3.3
Spellcasting   | 3 5 6 7 |  7.9
Fighting       | 1 |  1.9
Stealth        | |  2.1

Action                     |  1- 3 |  4- 6 |  7- 9 || total
---------------------------+-------+-------+-------++-------
  Melee: Whip              |     4 |     3 |       ||     7
         Club              |       |     9 |    16 ||    25
   Cast: Foxfire           |    23 |    58 |   119 ||   200
         Scorch            |     3 |    25 |    38 ||    66
         Flame Wave        |       |       |     2 ||     2
    Use: Potion            |       |     1 |       ||     1
         Scroll            |       |     3 |    11 ||    14
 Armour: Robe              |     2 |    16 |    39 ||    57
  Dodge: Dodged            |     6 |    27 |    29 ||    62

Table legend: (Time is in decaauts)
 A = Elapsed time spent in this place.
 B = Non-inter-level travel time spent in this place.
 C = Inter-level travel time spent in this place.
 D = Time resting spent in this place.
 E = Time spent auto-exploring this place.
 F = Levels seen in this place.
 G = Mean time per level.
                   A        B        C        D        E       F      G
               +--------+--------+--------+--------+--------+-----+--------+
         Total |   7381 |   6919 |    462 |    261 |   5764 |   9 |  820.1 |
       Dungeon |   7142 |   6708 |    434 |    261 |   5562 |   8 |  892.8 |
        Temple |    238 |    211 |     27 |      0 |    202 |   1 |  238.0 |
               +--------+--------+--------+--------+--------+-----+--------+

Top non-repeatable levels by time:
     D:5: 1198 daAuts
     D:2: 1156 daAuts
     D:3: 1135 daAuts
     D:4: 996 daAuts
     D:7: 981 daAuts
     D:6: 915 daAuts
     D:1: 553 daAuts
  Temple: 238 daAuts
     D:8: 204 daAuts
